 Dungeon Crawl Stone Soup version 0.30-a0-1157-g2cc9ac7196 (webtiles) character file.

Game seed: 1465126304486066231

58 IdlyInterested the Trooper (level 3, -2/30 HPs)
             Began as a Demonspawn Fighter on Apr 24, 2023.
             Slain by a gnoll bouda
             ... wielding a +0 club
              (5 damage)
             ... on level 2 of the Dungeon.
             The game lasted 00:02:31 (1271 turns).

IdlyInterested the Trooper (Demonspawn Fighter)     Turns: 1271, Time: 00:02:31

Health: -2/30      AC:  6    Str: 16    XL:     3   Next: 75%
Magic:  3/3        EV:  9    Int: 13    God:
Gold:   55         SH:  4    Dex: 14    Spells: 2/2 levels left

rFire   . . .        a - +0 war axe
rCold   . . .        c - +0 buckler
rNeg    . . .        b - +0 scale mail
rPois   .            (no helmet)
rElec   .            (no cloak)
rCorr   .            (no gloves)
SInv    .            (no boots)
Will    .....        (no amulet) Stlth
                     (no ring)
HPRegen 0.25/turn    (no ring)
MPRegen 0.08/turn

%: no passive effects
@: weakened
A: big brain 2
a: no special abilities


You were on level 2 of the Dungeon.
You visited 1 branch of the dungeon, and saw 2 of its levels.

You collected 55 gold pieces.

Inventory:

Hand Weapons
 a - a +0 war axe (weapon)
 o - a +0 spear
 q - a +3 short sword
Missiles
 f - 4 boomerangs (quivered)
 h - 3 poisoned darts
Armour
 b - a +0 scale mail (worn)
 c - a +0 buckler (worn)
Scrolls
 k - a scroll of immolation {unknown}
 l - a scroll of amnesia {unknown}
 m - a scroll of silence {unknown}
 n - a scroll of enchant weapon {unknown}
 p - a scroll of teleportation {unknown}
Potions
 d - a potion of might
 g - 2 potions of curing
 i - a potion of attraction {unknown}
 j - a potion of mutation {unknown}


   Skills:
 + Level 3.9 Fighting
 - Level 1.7 Axes
 - Level 1.0 Throwing
 - Level 3.0 Armour
 - Level 1.0 Dodging
 * Level 0.6 Stealth
 - Level 2.6 Shields


You had 2 spell levels left.
You didn't know any spells.
Your spell library was empty.

Dungeon Overview and Level Annotations

Branches:
Dungeon (2/15)

Altars:


Innate Abilities, Weirdness & Mutations

You have an extremely huge brain. (Int +4)


Message History

The gnoll bouda gazes fiercely through you!
You feel as though you will be weak longer.
The gnoll bouda hits you with a +0 club.
You hit the gnoll bouda.
The gnoll bouda is almost dead.
The gnoll bouda gazes fiercely through you!
You feel as though you will be weak longer.
The gnoll bouda hits you with a +0 club.
You block the gnoll bouda's attack.
You barely miss the gnoll bouda.
The gnoll bouda is almost dead.
The gnoll bouda hits you with a +0 club.
You barely miss the gnoll bouda.
The gnoll bouda is almost dead.
The gnoll bouda hits you with a +0 club!
* * * LOW HITPOINT WARNING * * *
The gnoll bouda hits you but does no damage.
You closely miss the gnoll bouda.
The gnoll bouda is almost dead.
The gnoll bouda hits you with a +0 club.
* * * LOW HITPOINT WARNING * * *
You hit the gnoll bouda but do no damage.
The gnoll bouda is almost dead.
The gnoll is no longer moving quickly.
The gnoll bouda mumbles some strange prayers to its god.
The gnoll bouda is healed somewhat.
You block the gnoll bouda's attack.
You hit the gnoll bouda.
The gnoll bouda is severely wounded.
The gnoll bouda barks out a call to the hunt!
The gnoll picks up the pace!
You hit the gnoll bouda.
The gnoll bouda is almost dead.
The gnoll bouda prays to its god.
The gnoll bouda is healed somewhat.
You closely miss the gnoll bouda.
The gnoll bouda is severely wounded.
The gnoll bouda hits you with a +0 club.
* * * LOW HITPOINT WARNING * * *
The gnoll bouda hits you with a +0 club.
You die...

###.........##
+.........'
.........
....... .....
... #g# #g# #@#
##.## ##...##
#.....# ##...##
#####...#######
...............
#####...#######
#.†##


You could see a gnoll bouda and a gnoll (swift).

Vanquished Creatures
  4 gnolls (D:2)
  A dart slug (D:1)
  2 endoplasms (D:1)
  2 giant cockroaches (D:1)
  A goblin (D:1)
  A hobgoblin (D:2)
  A kobold (D:1)
  2 ball pythons
  2 bats (D:2)
  A frilled lizard (D:1)
  A rat (D:2)
18 creatures vanquished.

Notes
Turn   | Place    | Note
-------+----------+-------------------------------------------
     0 | D:1      | IdlyInterested the Demonspawn Fighter began the quest for
                  | the Orb.
     0 | D:1      | Reached XP level 1. HP: 18/18 MP: 1/1
   459 | D:1      | Gained mutation: You have an unusually large brain. (Int
                  | +2) [demonic ancestry]
   459 | D:1      | Reached XP level 2. HP: 23/24 MP: 2/2
  1175 | D:2      | Reached skill level 1 in Throwing
  1178 | D:2      | Gained mutation: You have an extremely huge brain. (Int +4)
                  | [demonic ancestry]
  1178 | D:2      | Reached XP level 3. HP: 20/30 MP: 3/3
  1189 | D:2      | Reached skill level 1 in Dodging
  1271 | D:2      | Slain by a gnoll bouda

Illustrated notes

Levels and vault maps discovered:
D:1:      psy_arrival_fountain, layout_loops_corners
D:2:      layout_loops_corners, dilly_ecumenical_altar_fadedgnrine

Skill      XL: |  1  2  3 |
---------------+----------+-----
Armour         | 3 |  3.0
Throwing       | 1 |  1.0
Dodging        | 1 |  1.0
Fighting       | |  3.9
Axes           | |  1.7
Stealth        | |  0.6
Shields        | |  2.6

Action                     || total
---------------------------++-------
  Melee: War axe           ||    77
  Throw: Stone             ||    15
         Boomerang         ||     5
 Armour: Scale mail        ||    30
  Dodge: Dodged            ||    34
  Block: Buckler           ||    16

Table legend: (Time is in decaauts)
 A = Elapsed time spent in this place.
 B = Non-inter-level travel time spent in this place.
 C = Inter-level travel time spent in this place.
 D = Time resting spent in this place.
 E = Time spent auto-exploring this place.
 F = Levels seen in this place.
 G = Mean time per level.
                   A        B        C        D        E       F      G
               +--------+--------+--------+--------+--------+-----+--------+
         Total |   1309 |   1158 |    151 |    103 |    808 |   2 |  654.5 |
       Dungeon |   1309 |   1158 |    151 |    103 |    808 |   2 |  654.5 |
               +--------+--------+--------+--------+--------+-----+--------+

Top non-repeatable levels by time:
     D:1: 1064 daAuts
     D:2: 245 daAuts
